 Dungeon Crawl Stone Soup version 0.32-a0-22-g6ae6769602 (webtiles) character file.

Game seed: 4373327081601662944

3654 Curundu the Nimble (level 9, 0/74 HPs)
             Began as a Minotaur Berserker on Jan 18, 2024.
             Was an Elder of Trog.
             Succumbed to a kobold brigand's curare-tipped dart
             ... on level 8 of the Dungeon.
             The game lasted 00:22:45 (5854 turns).

Curundu the Nimble (Minotaur Berserker)             Turns: 5854, Time: 00:22:46

Health: 0/74       AC: 11    Str: 26    XL:     9   Next: 88%
Magic:  4/8        EV: 12    Int:  4    God:    Trog [****..]
Gold:   376        SH:  7    Dex: 10    Spells: 8/8 levels left

rFire   . . .        w - +4 morningstar
rCold   . . .        c - +1 kite shield
rNeg    . . .        d - +0 chain mail
rPois   .            (helmet restricted)
rElec   .            m - +0 cloak
rCorr   .            z - +0 pair of gloves
SInv    .            (no boots)
Will    .....        o - amulet of guardian spirit Stlth
                     b - +4 ring of slaying
HPRegen 0.32/turn    (no ring)
MPRegen 0.11/turn

%: guardian spirit
@: lethally poisoned (0 -> -2), slowed, very slow
A: horns 2, retaliatory headbutt
a: Renounce Religion, Berserk, Trog's Hand, Brothers in Arms


You were on level 8 of the Dungeon.
You worshipped Trog.
Trog was greatly pleased with you.
You visited 1 branch of the dungeon, and saw 8 of its levels.

You collected 376 gold pieces.

Inventory:

Hand Weapons
 l - a +0 war axe
 w - a +4 morningstar (weapon)
Missiles
 p - a throwing net (quivered)
Armour
 c - a +1 kite shield (worn)
 d - a +0 chain mail (worn)
 m - a +0 cloak (worn)
 z - a +0 pair of gloves (worn)
Jewellery
 b - a +4 ring of slaying (left hand)
 o - an amulet of guardian spirit (around neck)
 u - a ring of positive energy
 y - a ring of protection from fire
Wands
 t - a wand of flame (2)
Scrolls
 a - a scroll of teleportation
 g - a scroll of brand weapon
 j - 3 scrolls of identify
 k - a scroll of vulnerability
 q - a scroll of amnesia
 v - a scroll of enchant armour
 B - a scroll of fear
Potions
 e - 2 potions of attraction
 f - a potion of heal wounds
 h - 3 potions of mutation
 i - 2 potions of lignification
 n - a potion of curing
 r - 3 potions of brilliance
 s - a potion of resistance


   Skills:
 - Level 5.1 Fighting
 + Level 11.9 Axes
 - Level 4.3 Armour
 + Level 14.3 Dodging


You had 8 spell levels left.
You didn't know any spells.
Your spell library was empty.

Dungeon Overview and Level Annotations

Branches:
Dungeon (8/15)             Temple (0/1) D:4
   Lair: D:8-11

Altars:
Cheibriados
Gozag
Kikubaaqudgha
Ru
Zin
The Shining One


Innate Abilities, Weirdness & Mutations

You have a pair of horns on your head.
You reflexively headbutt those who attack you in melee.


Message History

You barely miss the bullfrog.
The bullfrog is almost dead.
You block the bullfrog's attack. The bullfrog closely misses you.
The bullfrog hits you but does no damage.
You closely miss the bullfrog. You headbutt the bullfrog.
You kill the bullfrog!
Trog accepts your kill.
You feel yourself speed up.
You recover from your berserk rage.
A kobold brigand comes into view.
It is wielding a +1 whip of electrocution and quivering curare-tipped darts.
The kobold brigand shouts!
The kobold brigand throws a curare-tipped dart.
The curare-tipped dart barely misses you.
A wight comes into view. It is wielding a +5 long sword.
The kobold brigand throws a curare-tipped dart.
The curare-tipped dart hits you.
You are poisoned.
You have difficulty breathing.
* * * LOW HITPOINT WARNING * * *
You feel yourself slow down.
You feel sick.
The kobold brigand throws a curare-tipped dart.
The curare-tipped dart hits you.
You are more poisoned.
You have difficulty breathing.
* * * LOW HITPOINT WARNING * * *
You feel as though you will be slow longer.
* * * LOW HITPOINT WARNING * * *
You feel very sick.
* * * LOW HITPOINT WARNING * * *
You feel very sick. The kobold brigand misses you.
You closely miss the kobold brigand.
* * * LOW HITPOINT WARNING * * *
You feel very sick. The kobold brigand closely misses you.
The kobold brigand barely misses you.
You puncture the kobold brigand!
Your headbutt misses the kobold brigand.
The kobold brigand is heavily wounded.
You die...

# ##.#...###<......#
###.#....).##.........
#........).###..#.#... #
###...)))##)#...# ##.## ..
#......#......## #..######..
.........##......####..##.....
.#...##.........###.#.........
#... #.....##K....).....)....
.... ####..#@|........>...#..
...# #...........#.........
..# ##(.......###.....#...
.............##.........
...##................... ..
#..........#........ .
#.........##........
.........### ....##..##


You could see a kobold brigand.

Vanquished Creatures
  A two-headed ogre (D:8)
  Pikel (D:7)
  A troll (D:7)
  A wyvern (D:7)
  A water moccasin (D:5)
  An ice beast (D:6)
  An orc warrior (D:6)
  A centaur (D:7)
  A lemure (D:7)
  2 phantoms (D:6)
  A bullfrog (D:8)
  2 scorpions
  12 wights
  2 howler monkeys
  3 bombardier beetles
  A gnoll bouda (D:6)
  A hound (D:6)
  2 orc priests
  Crazy Yiuf (D:2)
  3 iguanas (D:7)
  6 orc wizards
  8 adders
  14 gnolls
  A shadow imp (D:7)
  2 white imps (D:6)
  10 dart slugs (D:3)
  27 orcs
  8 ball pythons
  5 endoplasms
  3 giant cockroaches
  2 goblins (D:3)
  14 hobgoblins
  5 jackals (D:1)
  4 quokkas
  5 bats
  A frilled lizard (D:1)
  5 kobolds
  5 rats
164 creatures vanquished.

Notes
Turn   | Place    | Note
-------+----------+-------------------------------------------
     0 | D:1      | Curundu the Minotaur Berserker began the quest for the Orb.
     0 | D:1      | Reached XP level 1. HP: 19/19 MP: 0/0
   238 | D:1      | Reached XP level 2. HP: 23/27 MP: 1/1
   819 | D:1      | Reached XP level 3. HP: 32/33 MP: 2/2
  1155 | D:2      | Reached ** piety under Trog
  1193 | D:2      | Identified the +1 ring mail of the Gloaming {Int+5}
  1201 | D:2      | Found a runed translucent door.
  1202 | D:2      | Noticed Crazy Yiuf
  1208 | D:2      | Killed Crazy Yiuf
  1209 | D:2      | Reached skill level 3 in Dodging
  1277 | D:2      | Reached XP level 4. HP: 40/40 MP: 3/3
  1586 | D:2      | Identified a scroll of acquirement
  1586 | D:2      | Acquired a manual of Dodging
  1728 | D:3      | Reached XP level 5. HP: 45/47 MP: 2/4
  2148 | D:3      | Reached skill level 4 in Dodging
  2201 | D:3      | Reached skill level 5 in Axes
  2467 | D:4      | Reached skill level 5 in Fighting
  2583 | D:4      | Reached XP level 6. HP: 54/56 MP: 5/5
  2617 | D:4      | Found a staircase to the Ecumenical Temple.
  3019 | D:5      | Entered Level 5 of the Dungeon
  3140 | D:5      | Reached skill level 5 in Dodging
  3147 | D:5      | Reached *** piety under Trog
  3365 | D:5      | Noticed a water moccasin
  3371 | D:5      | Killed a water moccasin
  3372 | D:5      | Reached skill level 6 in Dodging
  3849 | D:6      | Reached XP level 7. HP: 61/61 MP: 6/6
  3899 | D:6      | Reached skill level 7 in Dodging
  3917 | D:6      | Reached skill level 8 in Dodging
  4226 | D:6      | Found a glowing golden altar of the Shining One.
  4226 | D:6      | Found an opulent altar of Gozag.
  4226 | D:6      | Found a snail-covered altar of Cheibriados.
  4235 | D:6      | Reached skill level 9 in Dodging
  4235 | D:6      | Reached XP level 8. HP: 56/68 MP: 4/7
  4652 | D:7      | Reached skill level 10 in Dodging
  4654 | D:7      | Noticed a troll
  4660 | D:7      | Killed a troll
  4669 | D:7      | Reached skill level 11 in Dodging
  4800 | D:7      | Found a glowing silver altar of Zin.
  4820 | D:7      | Found a sacrificial altar of Ru.
  4946 | D:7      | Noticed Pikel
  4972 | D:7      | Killed Pikel
  4973 | D:7      | Reached skill level 10 in Axes
  4973 | D:7      | Reached skill level 12 in Dodging
  4973 | D:7      | Reached XP level 9. HP: 31/74 MP: 4/8
  4977 | D:7      | Reached **** piety under Trog
  5273 | D:7      | Reached skill level 13 in Dodging
  5371 | D:7      | Found an ancient bone altar of Kikubaaqudgha.
  5795 | D:8      | Noticed a two-headed ogre
  5805 | D:8      | Killed a two-headed ogre
  5806 | D:8      | Reached skill level 14 in Dodging
  5853 | D:8      | HP: 2/74 [poisoned by a kobold brigand (curare-tipped
                  | dart)]
  5854 | D:8      | Succumbed to a kobold brigand's curare-tipped dart

Illustrated notes

Levels and vault maps discovered:
D:1:      ldierk_walled_garden_2, layout_basic
D:2:      layout_rooms, kennysheep_generic_room_11, uniq_crazy_yiuf_cottage
D:3:      kennysheep_slugbush, layout_loops_cross
D:4:      layout_loops_ring
D:5:      layout_gridville
D:6:      layout_basic, gammafunk_temple_overflow_forgotten
D:7:      layout_basic, marbit_many_paths,
          mainiacjoe_overflow_concentric_impassable,
          nicolae_kikubaaqudgha_miasma_corner, interstate_on_off, uniq_pikel
D:8:      layout_cave_pools, nzn_wu_jian_council_hall,
          grunt_lair_entry_orc_guard_hut, grunt_decor_junction

Skill      XL: |  1  2  3  4  5  6  7  8  9 |
---------------+----------------------------+-----
Axes           | 4 5 6 8 10 11 | 11.9
Fighting       | 4 5 |  5.1
Armour         | 3 4 |  4.3
Dodging        | 3 4 6 9 12 14 | 14.3

Action                     |  1- 3 |  4- 6 |  7- 9 || total
---------------------------+-------+-------+-------++-------
  Melee: Hand axe          |    70 |       |       ||    70
         Headbutt          |     6 |    13 |    36 ||    55
         War axe           |     7 |       |       ||     7
         Mace              |     4 |   124 |    26 ||   154
         Morningstar       |       |       |   121 ||   121
 Invoke: Trog's Hand       |     1 |     1 |     3 ||     5
         Berserk           |     1 |       |     1 ||     2
    Use: Scroll            |       |    14 |     6 ||    20
 Armour: Animal skin       |     7 |       |       ||     7
         Chain mail        |    62 |   122 |   116 ||   300
  Dodge: Dodged            |    39 |    66 |    74 ||   179
  Block: Kite shield       |       |    48 |    64 ||   112

Table legend: (Time is in decaauts)
 A = Elapsed time spent in this place.
 B = Non-inter-level travel time spent in this place.
 C = Inter-level travel time spent in this place.
 D = Time resting spent in this place.
 E = Time spent auto-exploring this place.
 F = Levels seen in this place.
 G = Mean time per level.
                   A        B        C        D        E       F      G
               +--------+--------+--------+--------+--------+-----+--------+
         Total |   5998 |   5998 |      0 |     48 |   4344 |   8 |  749.8 |
       Dungeon |   5998 |   5998 |      0 |     48 |   4344 |   8 |  749.8 |
               +--------+--------+--------+--------+--------+-----+--------+

Top non-repeatable levels by time:
     D:1: 1095 daAuts
     D:7: 1088 daAuts
     D:6: 902 daAuts
     D:3: 766 daAuts
     D:5: 735 daAuts
     D:4: 695 daAuts
     D:2: 538 daAuts
     D:8: 176 daAuts
